 Dungeon Crawl Stone Soup version 0.16.2-12-gd0ad4c3 (webtiles) character file.

67 hannobal the Stinger (level 4, -2/27 HPs)
             Began as an Octopode Venom Mage on Oct 4, 2015.
             Slain by a giant frog (8 damage)
             ... on level 2 of the Dungeon.
             The game lasted 00:06:32 (2490 turns).

hannobal the Stinger (Octopode Venom Mage)          Turns: 2490, Time: 00:06:32

Health: -2/27      AC:  1    Str: 11    XL:     4   Next: 16%
Magic:  3/8        EV: 12    Int: 18    God:
Gold:   68         SH:  0    Dex: 12    Spells: 2 memorised, 4 levels left

rFire  . . .     SeeInvis .     a - +3 short sword
rCold  . . .     Clarity  .     (no shield)
rNeg   . . .     SustAb   .     (helmet restricted)
rPois  .         Gourm    .     g - amulet of inaccuracy (curse)
rElec  .         Spirit   .     l - +4 ring of strength
rCorr  .         Warding  .     (no ring)
rMut   .         Stasis   .     (no ring)
MR     .....                    (no ring)
Stlth  +++.......               (no ring)
                                (no ring)
                                (no ring)
                                (no ring)

@: not resistant to hostile enchantments, fairly stealthy
A: almost no armour, amphibious, 8 rings, constrict 8, camouflage 1, gelatinous
body 1
a: no special abilities


You were on level 2 of the Dungeon.
You were not hungry.

You visited 1 branch of the dungeon, and saw 2 of its levels.

You collected 68 gold pieces.

Inventory:

Hand weapons
 a - a +3 short sword (weapon)
Missiles
 e - 57 stones (quivered)
 i - 13 bolts
 j - 15 arrows
Jewellery
 g - a cursed amulet of inaccuracy (around mantle)
 h - an uncursed amulet of stasis
 l - a +4 ring of strength (left tentacle)
Scrolls
 d - a scroll of identify
Potions
 k - a potion of might
Books
 b - a Young Poisoner's Handbook

   Spells                             Type                      Level
   a - Sting                          Conjuration/Poison           1
   b - Cure Poison                    Poison                       2
   c - Mephitic Cloud                 Conjuration/Poison/Air       3
   d - Olgreb's Toxic Radiance        Poison                       4
   e - Venom Bolt                     Conjuration/Poison           5
Comestibles
 c - a bread ration {@e1}
 f - a chunk of flesh {@w0}


   Skills:
 - Level 2.0 Dodging
 - Level 2.6 Stealth
 + Level 2.6 Spellcasting
 - Level 3.0 Conjurations
 - Level 4.8 Poison Magic


You had 4 spell levels left.
You knew the following spells:

 Your Spells              Type           Power        Failure   Level  Hunger
c - Mephitic Cloud        Conj/Pois/Air  ##......     21%         3    ###....
z - Sting                 Conj/Pois      ###.         3%          1    #......


Dungeon Overview and Level Annotations

Branches:
Dungeon (2/15)

Altars:


Innate Abilities, Weirdness & Mutations

You cannot wear most types of armour.
You are amphibious.
You can wear up to eight rings at the same time.
You can use your tentacles to constrict many enemies at once.
Your skin changes colour to match your surroundings (Stealth).
Your rubbery body absorbs attacks (AC +1).


Message History

Casting: Sting
Confirm with . or Enter, or press ? or * to list all spells.
Aiming: Sting
Press: ? - help, Shift-Dir - straight line, f/p - giant frog
Aim: a giant frog (moderately wounded, poisoned)
The sting misses the giant frog.
The giant frog hits you!
You are too injured to fight recklessly!
You are too injured to fight recklessly!
You are too injured to fight recklessly!
Casting: Sting
Confirm with . or Enter, or press ? or * to list all spells.
Aiming: Sting
Press: ? - help, Shift-Dir - straight line, f/p - giant frog
Aim: a giant frog (moderately wounded, poisoned)
The sting hits the giant frog.
The giant frog looks even sicker.
The giant frog is moderately wounded.
The giant frog hits you!
* * * LOW HITPOINT WARNING * * *
The giant frog hits you!
You die...

#.#...........#.#
#.###.#.#.........#.#####
#.......................#
#............<.....
#.###....#.#..###.#
####†# ##........###'#
#....##...........#...
#.##.##.#.#...........
#.##.@F.###.......#...
#....##.#######......#
###.............#..#.#
#...###########....#
#................#.#
#.....#######.#....#
#.....#...#...##....
#.....#.#.#....#...#
#####.....####.#...#


You could see a giant frog.

Vanquished Creatures
  An adder (D:2)
  2 worms (D:1)
  A giant mite (D:1)
  2 giant cockroaches (D:1)
  5 hobgoblins
  2 jackals (D:1)
  A quokka (D:2)
  6 bats
  A giant gecko (D:1)
  A giant newt (D:2)
  4 goblins
  5 kobolds
  9 rats
40 creatures vanquished.

Notes
Turn   | Place    | Note
--------------------------------------------------------------
     0 | D:1      | hannobal, the Octopode Venom Mage, began the quest for the Orb.
     0 | D:1      | Reached XP level 1. HP: 11/11 MP: 3/3
   237 | D:1      | Reached skill level 1 in Conjurations
   237 | D:1      | Reached XP level 2. HP: 12/17 MP: 0/4
   733 | D:1      | Reached XP level 3. HP: 21/21 MP: 3/6
  1767 | D:2      | Learned a level 3 spell: Mephitic Cloud
  2113 | D:2      | Reached XP level 4. HP: 15/27 MP: 0/8
  2410 | D:2      | Noticed a giant frog
  2490 | D:2      | Slain by a giant frog

Action                   |  1- 3 |  4- 6 || total
-------------------------+-------+-------++-------
Melee: Unarmed           |     7 |       ||     7
       Whip              |     1 |       ||     1
 Cast: Sting             |    86 |    12 ||    98
  Use: Potion            |     3 |       ||     3
       Scroll            |     1 |     1 ||     2
  Eat: Chunk             |     3 |     1 ||     4
       Pizza             |     1 |       ||     1
